SKY
ATLANTA BRAVES @ MILWAUKEE BREWERS
05/14/2052
 
TOP OF THE 1ST
Atlanta Braves batting - Pitching for Milwaukee Brewers : RHP Jaden McBride
Pitching: RHP Jaden McBride
Batting: RHB Sylvester Miles 0-0: Ball
1-0: Ball
2-0: Called Strike
2-1: Ball
3-1: Base on Balls
Batting: RHB C.J. Chayrez 0-0: Ball
1-0: Grounds into double play, 6-4-3 (Groundball, 6, EV 103.8 MPH)
Batting: RHB Josias Jaynes 0-0: Ball
1-0: Foul Ball, location: 2F
1-1: Ball
2-1: Ball
3-1: Foul Ball, location: 5SF
3-2: Foul Ball, location: 25FF
3-2: Fly out, F6 (Flyball, 6MD, EV 88.1 MPH)
Top of the 1st over - 0 runs, 0 hits, 0 errors, 0 left on base; Atlanta 0 - Milwaukee 0
BOTTOM OF THE 1ST
Milwaukee Brewers batting - Pitching for Atlanta Braves : LHP Mal Smart
Pitching: LHP Mal Smart
Batting: LHB Yandy Zamano 0-0: SINGLE (Groundball, 6MD, EV 100.6 MPH)
Batting: RHB Jason Jarman 0-0: Called Strike
0-1: Called Strike
0-2: Ball
1-2: Fly out, F7 (Flyball, 7, EV 90.6 MPH)
Batting: RHB Lucas Asher 0-0: Ball
1-0: Grounds into double play, 6-4-3 (Groundball, 6, EV 108.8 MPH)
Bottom of the 1st over - 0 runs, 1 hit, 0 errors, 0 left on base; Atlanta 0 - Milwaukee 0
TOP OF THE 2ND
Atlanta Braves batting - Pitching for Milwaukee Brewers : RHP Jaden McBride
Batting: LHB Adrian Cooke 0-0: Ball
1-0: Foul Ball, location: 7LDF
1-1: Called Strike
1-2: Foul Ball, location: 2F
1-2: Strikes out swinging
Batting: SHB Scott Hill 0-0: Ball
1-0: Ball
2-0: Called Strike
2-1: Foul Ball, location: 2F
2-2: Fly out, F7 (Flyball, 7, EV 86.9 MPH)
Batting: RHB Phooka May 0-0: Called Strike
0-1: SINGLE (Line Drive, 9S, EV 103.8 MPH)
Batting: RHB Peter Guice 0-0: Ball
1-0: Ball
2-0: Called Strike
2-1: Fly out, F3 (Popup, 34S, EV 70.6 MPH)
Top of the 2nd over - 0 runs, 1 hit, 0 errors, 1 left on base; Atlanta 0 - Milwaukee 0
BOTTOM OF THE 2ND
Milwaukee Brewers batting - Pitching for Atlanta Braves : LHP Mal Smart
Batting: RHB Nick Hodge 0-0: Ball
1-0: Ball
2-0: Called Strike
2-1: Ball
3-1: Swinging Strike
3-2: Strikes out looking
Batting: LHB Joshua Ragsdale 0-0: SINGLE (Line Drive, 34, EV 95.6 MPH)
Batting: SHB Rayan Díaz 0-0: Ball
1-0: Fly out, F8 (Flyball, 8LD, EV 105.0 MPH)
Batting: RHB Enzo Thomas 0-0: Ball
Joshua Ragsdale steals 2nd base
1-0: Ball
2-0: Called Strike
2-1: Swinging Strike
2-2: Strikes out swinging
Bottom of the 2nd over - 0 runs, 1 hit, 0 errors, 1 left on base; Atlanta 0 - Milwaukee 0
TOP OF THE 3RD
Atlanta Braves batting - Pitching for Milwaukee Brewers : RHP Jaden McBride
Batting: LHB Jacob Walters 0-0: Ball
1-0: Called Strike
1-1: Called Strike
1-2: Ball
2-2: Foul Ball, location: 2F
2-2: Ball
3-2: Foul Ball, location: 25FF
3-2: Foul Ball, location: 2RF
3-2: Foul Ball, location: 23F
3-2: Foul Ball, location: 7LMF
3-2: Base on Balls
Batting: RHB Aiden Newman 0-0: Foul Ball, location: 2F
0-1: Foul Ball, location: 7LDF
0-2: Ball
1-2: Foul Ball, location: 23F
1-2: Strikes out swinging
Batting: RHB Sylvester Miles 0-0: Called Strike
0-1: Foul Ball, location: 25F
0-2: Fly out, F6 (Line Drive, 6M, EV 70.0 MPH)
Batting: RHB C.J. Chayrez 0-0: Ball
1-0: 2-RUN HOME RUN (Flyball, 89XD, EV 98.8 MPH), Distance : 408 ft
Batting: RHB Josias Jaynes 0-0: Ball
1-0: Ball
2-0: Swinging Strike
2-1: Swinging Strike
2-2: Foul Ball, location: 5FF
2-2: Fly out, F9 (Flyball, 89M, EV 94.4 MPH)
Top of the 3rd over - 2 runs, 1 hit, 0 errors, 0 left on base; Atlanta 2 - Milwaukee 0
BOTTOM OF THE 3RD
Milwaukee Brewers batting - Pitching for Atlanta Braves : LHP Mal Smart
Batting: LHB Florencio Rios 0-0: Called Strike
0-1: Foul Ball, location: 7LMF
0-2: Ball
1-2: Strikes out looking
Batting: RHB Russ Lavin 0-0: Foul Ball, location: 25FF
0-1: Swinging Strike
0-2: Ball
1-2: Ball
2-2: Foul Ball, location: 2F
2-2: Strikes out swinging
Batting: LHB Yandy Zamano 0-0: Ball
1-0: Ball
2-0: Swinging Strike
2-1: Ball
3-1: Ground out 4-3 (Groundball, 34, EV 91.9 MPH)
Bottom of the 3rd over - 0 runs, 0 hits, 0 errors, 0 left on base; Atlanta 2 - Milwaukee 0
TOP OF THE 4TH
Atlanta Braves batting - Pitching for Milwaukee Brewers : RHP Jaden McBride
Batting: LHB Adrian Cooke 0-0: Ball
1-0: Ball
2-0: SOLO HOME RUN (Flyball, 9LD, EV 98.1 MPH), Distance : 358 ft
Batting: SHB Scott Hill 0-0: Ball
1-0: SOLO HOME RUN (Line Drive, 7D, EV 104.4 MPH), Distance : 398 ft
Batting: RHB Phooka May 0-0: Ball
1-0: Called Strike
1-1: Ball
2-1: Foul Ball, location: 2F
2-2: SINGLE (Groundball, 4S, EV 66.9 MPH) (infield hit)
Batting: RHB Peter Guice 0-0: Ball
1-0: SINGLE (Line Drive, 78S, EV 98.1 MPH)
Phooka May to second
Runner from 2nd tries for 3rd, SAFE, throw by LF made to third
Batting: LHB Jacob Walters 0-0: Called Strike
0-1: Ball
Peter Guice is caught stealing 2nd base 2-6
1-1: Ball
2-1: Ball
3-1: Called Strike
3-2: DOUBLE (Flyball, 8LXD, EV 111.9 MPH)
Phooka May scores
Pitching: RHP Caleb Campbell
Batting: RHB Aiden Newman 0-0: Ball
1-0: Swinging Strike
1-1: Ball
2-1: Ball
3-1: Fly out, F3 (Popup, 3SF, EV 71.3 MPH)
Batting: RHB Sylvester Miles 0-0: Called Strike
0-1: Ball
1-1: Foul Ball, location: 5F
1-2: Foul Ball, location: 2RF
1-2: Foul Ball, location: 2F
1-2: Ball
2-2: Strikes out swinging
Top of the 4th over - 3 runs, 5 hits, 0 errors, 1 left on base; Atlanta 5 - Milwaukee 0
BOTTOM OF THE 4TH
Milwaukee Brewers batting - Pitching for Atlanta Braves : LHP Mal Smart
Batting: RHB Jason Jarman 0-0: Foul Ball, location: 2F
0-1: Foul Ball, location: 3DF
0-2: Ball
1-2: Strikes out looking
Batting: RHB Lucas Asher 0-0: Called Strike
0-1: Ground out 5-3 (Groundball, 56, EV 99.4 MPH)
Batting: RHB Nick Hodge 0-0: Ball
1-0: Called Strike
1-1: Called Strike
1-2: Strikes out looking
Bottom of the 4th over - 0 runs, 0 hits, 0 errors, 0 left on base; Atlanta 5 - Milwaukee 0
TOP OF THE 5TH
Atlanta Braves batting - Pitching for Milwaukee Brewers : RHP Caleb Campbell
Batting: RHB C.J. Chayrez 0-0: Ball
1-0: Called Strike
1-1: Ball
2-1: Foul Ball, location: 23F
2-2: Ground out 6-3 (Groundball, 6, EV 103.8 MPH)
Batting: RHB Josias Jaynes 0-0: DOUBLE (Flyball, 89D, EV 97.5 MPH)
Batting: LHB Adrian Cooke 0-0: Called Strike
0-1: Ground out U3 (Groundball, 34, EV 91.3 MPH)
Josias Jaynes to third
Batting: SHB Scott Hill 0-0: Ball
1-0: Ball
2-0: Called Strike
2-1: Foul Ball, location: 2F
2-2: Strikes out looking
Top of the 5th over - 0 runs, 1 hit, 0 errors, 1 left on base; Atlanta 5 - Milwaukee 0
BOTTOM OF THE 5TH
Milwaukee Brewers batting - Pitching for Atlanta Braves : LHP Mal Smart
Batting: LHB Joshua Ragsdale 0-0: Called Strike
0-1: Fly out, F5 (Popup, 56S, EV 85.6 MPH)
Batting: SHB Rayan Díaz 0-0: Ball
1-0: Ball
2-0: Ball
3-0: Swinging Strike
3-1: Foul Ball, location: 9LDF
3-2: Foul Ball, location: 3F
3-2: Fly out, F7 (Flyball, 78M, EV 93.1 MPH)
Batting: RHB Enzo Thomas 0-0: SINGLE (Line Drive, 7S, EV 90.6 MPH)
Batting: LHB Florencio Rios 0-0: Called Strike
0-1: Fielders Choice at 2nd, 5-4 (Groundball, 56, EV 108.8 MPH)
Bottom of the 5th over - 0 runs, 1 hit, 0 errors, 1 left on base; Atlanta 5 - Milwaukee 0
TOP OF THE 6TH
Atlanta Braves batting - Pitching for Milwaukee Brewers : RHP Caleb Campbell
Batting: RHB Phooka May 0-0: Called Strike
0-1: Foul Ball, location: 2F
0-2: Ball
1-2: Strikes out swinging
Batting: RHB Peter Guice 0-0: Foul Ball, location: 2F
0-1: Called Strike
0-2: Foul Ball, location: 2F
0-2: Strikes out swinging
Batting: LHB Jacob Walters 0-0: Ball
1-0: Ball
2-0: Ball
3-0: Called Strike
3-1: Foul Ball, location: 7LSF
3-2: DOUBLE (Line Drive, 3D, EV 94.4 MPH)
Batting: RHB Aiden Newman 0-0: Ball
1-0: Foul Ball, location: 7LMF
1-1: Called Strike
1-2: SINGLE (Line Drive, 89S, EV 105.0 MPH)
Jacob Walters to third
Runner from 3rd tries for Home, SAFE, throw by RF to home
Batting: RHB Sylvester Miles 0-0: Called Strike
0-1: Foul Ball, location: 2F
0-2: Strikes out swinging
Top of the 6th over - 1 run, 2 hits, 0 errors, 1 left on base; Atlanta 6 - Milwaukee 0
BOTTOM OF THE 6TH
Milwaukee Brewers batting - Pitching for Atlanta Braves : LHP Mal Smart
Batting: RHB Russ Lavin 0-0: Ground out 6-3 (Groundball, 6, EV 84.4 MPH)
Batting: LHB Yandy Zamano 0-0: Ball
1-0: Ball
2-0: Foul Ball, location: 7LMF
2-1: Ball
3-1: Base on Balls
Batting: RHB Jason Jarman 0-0: Called Strike
0-1: Called Strike
Yandy Zamano steals 2nd base
0-2: Ball
1-2: Foul Ball, location: 3SF
1-2: Ball
2-2: DOUBLE (Flyball, 8LXD, EV 100.0 MPH)
Yandy Zamano scores
Batting: RHB Lucas Asher 0-0: Foul Ball, location: 9LDF
0-1: Ball
1-1: Ball
Jason Jarman steals 3rd base
2-1: Called Strike
2-2: Fly out, F8 (Line Drive, 89M, EV 106.9 MPH)
Runner from 3rd tags up, SCORES, throw by CF
Batting: RHB Nick Hodge 0-0: Ball
1-0: Called Strike
1-1: Foul Ball, location: 3F
1-2: Strikes out swinging
Bottom of the 6th over - 2 runs, 1 hit, 0 errors, 0 left on base; Atlanta 6 - Milwaukee 2
TOP OF THE 7TH
Atlanta Braves batting - Pitching for Milwaukee Brewers : RHP Caleb Campbell
Batting: RHB C.J. Chayrez 0-0: Ball
1-0: Foul Ball, location: 23FF
1-1: Ball
2-1: Ball
3-1: Base on Balls
Batting: RHB Josias Jaynes 0-0: Ball
1-0: Ball
2-0: Ball
3-0: Called Strike
3-1: Called Strike
3-2: Foul Ball, location: 3SF
3-2: DOUBLE (Flyball, 8LXD, EV 88.8 MPH)
C.J. Chayrez to third
Runner from 3rd tries for Home, SAFE, throw by CF to home
Batting: LHB Adrian Cooke 0-0: Called Strike
0-1: SINGLE (Line Drive, 4D, EV 95.0 MPH)
Josias Jaynes to third
Batting: SHB Scott Hill 0-0: Called Strike
0-1: Fielders Choice at 2nd, 4-6 (Groundball, 4, EV 83.1 MPH)
Josias Jaynes scores
Pitching: LHP Gerardo Hernández
Batting: RHB Phooka May 0-0: Ball
1-0: Called Strike
1-1: Ball
2-1: SINGLE (Groundball, 6MD, EV 95.0 MPH)
Scott Hill to second
Batting: RHB Peter Guice 0-0: Called Strike
0-1: Ball
1-1: Swinging Strike
1-2: Foul Ball, location: 25F
1-2: Ball
2-2: Strikes out swinging
Batting: LHB Jacob Walters 0-0: Called Strike
0-1: Foul Ball, location: 3DF
0-2: Ball
1-2: Ball
2-2: Strikes out looking
Top of the 7th over - 2 runs, 3 hits, 0 errors, 2 left on base; Atlanta 8 - Milwaukee 2
BOTTOM OF THE 7TH
Milwaukee Brewers batting - Pitching for Atlanta Braves : LHP Mal Smart
Batting: LHB Joshua Ragsdale 0-0: Ball
1-0: Ground out 4-3 (Groundball, 4, EV 106.3 MPH)
Batting: SHB Rayan Díaz 0-0: Fly out, F8 (Line Drive, 8LM, EV 91.3 MPH)
Batting: RHB Enzo Thomas 0-0: Ball
1-0: Foul Ball, location: 2F
1-1: Fly out, F4 (Popup, 34S, EV 79.4 MPH)
Bottom of the 7th over - 0 runs, 0 hits, 0 errors, 0 left on base; Atlanta 8 - Milwaukee 2
TOP OF THE 8TH
Atlanta Braves batting - Pitching for Milwaukee Brewers : LHP Gerardo Hernández
Batting: RHB Aiden Newman 0-0: Fly out, F8 (Flyball, 78D, EV 95.6 MPH)
Batting: RHB Sylvester Miles 0-0: Called Strike
0-1: Foul Ball, location: 2F
0-2: Ball
1-2: Ball
2-2: Foul Ball, location: 2F
2-2: DOUBLE (Line Drive, 89D, EV 105.6 MPH)
Batting: RHB C.J. Chayrez 0-0: Ball
1-0: Foul Ball, location: 3F
1-1: Ball
2-1: Ball
3-1: Foul Ball, location: 2F
3-2: Foul Ball, location: 3FF
3-2: DOUBLE (Flyball, 8RXD, EV 96.9 MPH)
Sylvester Miles scores
Batting: RHB Josias Jaynes 0-0: Called Strike
0-1: Foul Ball, location: 7LMFF
0-2: Ball
1-2: Strikes out looking
Batting: LHB Adrian Cooke 0-0: Called Strike
0-1: Ball
1-1: SINGLE (Groundball, 4MD, EV 98.1 MPH)
C.J. Chayrez to third
Runner from 3rd tries for Home, SAFE, throw by CF to home
Batting: SHB Scott Hill 0-0: Ball
1-0: Called Strike
1-1: Ball
2-1: Called Strike
2-2: Fly out, F2 (Popup, 5SF, EV 68.1 MPH)
Top of the 8th over - 2 runs, 3 hits, 0 errors, 1 left on base; Atlanta 10 - Milwaukee 2
BOTTOM OF THE 8TH
Milwaukee Brewers batting - Pitching for Atlanta Braves : LHP Mal Smart
Batting: LHB Florencio Rios 0-0: Called Strike
0-1: Ground out 2-3 (Groundball, 2R, EV 68.1 MPH)
Batting: RHB Russ Lavin 0-0: SINGLE (Groundball, 6D, EV 105.6 MPH)
Batting: LHB Yandy Zamano 0-0: Ball
1-0: 2-RUN HOME RUN (Flyball, 78XD, EV 99.4 MPH), Distance : 409 ft
Batting: RHB Jason Jarman 0-0: Ball
1-0: Ball
2-0: TRIPLE (Flyball, 8RXD, EV 93.1 MPH)
Batting: RHB Lucas Asher 0-0: Ball
1-0: Ground out 6-3 (Groundball, 6, EV 86.3 MPH)
Jason Jarman scores
Batting: RHB Nick Hodge 0-0: Called Strike
0-1: SINGLE (Line Drive, 6MD, EV 107.5 MPH)
Pitching: RHP Miguel Valdez
Batting: LHB Joshua Ragsdale 0-0: Ball
1-0: Ball
2-0: Called Strike
2-1: Ball
3-1: Foul Ball, location: 25F
3-2: Ground out 4-3 (Groundball, 4, EV 91.3 MPH)
Bottom of the 8th over - 3 runs, 4 hits, 0 errors, 1 left on base; Atlanta 10 - Milwaukee 5
TOP OF THE 9TH
Atlanta Braves batting - Pitching for Milwaukee Brewers : LHP Gerardo Hernández
Batting: RHB Phooka May 0-0: Swinging Strike
0-1: Called Strike
0-2: Strikes out swinging
Batting: RHB Peter Guice 0-0: Foul Ball, location: 2F
0-1: Foul Ball, location: 3SF
0-2: Ball
1-2: Ball
2-2: Strikes out looking
Pinch Hitting: RHB Ryan Felker 0-0: Ball
1-0: Foul Ball, location: 23FF
1-1: Ball
2-1: Called Strike
2-2: Ball
3-2: Foul Ball, location: 5F
3-2: Strikes out swinging
Top of the 9th over - 0 runs, 0 hits, 0 errors, 0 left on base; Atlanta 10 - Milwaukee 5
BOTTOM OF THE 9TH
Milwaukee Brewers batting - Pitching for Atlanta Braves : RHP Miguel Valdez
Now at C: Jagger Macon
Batting: SHB Rayan Díaz 0-0: Called Strike
0-1: Called Strike
0-2: Foul Ball, location: 2F
0-2: Foul Ball, location: 2LF
0-2: Ball
1-2: Ball
2-2: SINGLE (Groundball, 34D, EV 94.4 MPH)
Batting: RHB Enzo Thomas 0-0: Called Strike
0-1: Foul Ball, location: 2F
0-2: Ball
1-2: Fly out, F9 (Flyball, 9LSF, EV 86.9 MPH)
Batting: LHB Florencio Rios 0-0: Ball
1-0: Foul Ball, location: 2F
1-1: DOUBLE (Line Drive, 5D, EV 98.1 MPH)
Rayan Díaz to third
Pinch Hitting: LHB Samuel Vay 0-0: Fly out, F8 (Flyball, 8LXD, EV 96.3 MPH)
Runner from 3rd tags up, SCORES, no throw by CF
Batting: LHB Yandy Zamano 0-0: Ball
1-0: Called Strike
1-1: Foul Ball, location: 2F
1-2: Ball
2-2: Ball
3-2: Ground out U3 (Groundball, 34S, EV 83.1 MPH)
Bottom of the 9th over - 1 run, 2 hits, 0 errors, 1 left on base; Atlanta 10 - Milwaukee 6
Sunday, April 21st , 2024 - OOTP Baseball 24.11 Build 85